 Dungeon Crawl Stone Soup version 0.23-a0-386-g9c9d49f (webtiles) character file.

691 MisterFreud the Scratcher (level 7, -2/31 HPs)
             Began as a Felid Transmuter on Oct 28, 2018.
             Was a Believer of Cheibriados.
             Killed from afar by an orc wizard (7 damage)
             ... with a magic dart
             ... on level 6 of the Dungeon.
             The game lasted 00:18:29 (7030 turns).

MisterFreud the Scratcher (Felid Transmuter)        Turns: 7030, Time: 00:18:31

Health: -2/31      AC:  2    Str: 12    XL:     7   Next: 36%
Magic:  7/11       EV: 27    Int: 21    God:    Cheibriados [**....]
Gold:   213        SH:  0    Dex: 25    Spells: 4/10 levels left
                                        Lives:  0   Deaths: 2

rFire    . . .     SeeInvis +     - Unarmed
rCold    . . .     Gourm    .   (shield unavailable)
rNeg     . . .     Faith    .   (armour unavailable)
rPois    x         Spirit   .   (helmet unavailable)
rElec    .         Reflect  .   (cloak unavailable)
rCorr    .         Harm     .   (gloves unavailable)
MR       +....                  (boots unavailable)
Stlth    +++++.....             (no amulet)
HPRegen  0.10/turn              j - ring of stealth
MPRegen  0.12/turn              n - +2 ring of intelligence

@: spider-form (expiring), very slow
A: tiny, no armour, no weapons or thrown items, stealth, see invisible,
carnivore, slow metabolism 1
a: End Transformation, Bend Time, Renounce Religion


You were on level 6 of the Dungeon.
You worshipped Cheibriados.
Cheibriados was pleased with you.
You were not hungry.
You were a venomous arachnid creature.
You visited 2 branches of the dungeon, and saw 7 of its levels.

You collected 213 gold pieces.

Inventory:

Missiles
 a - 102 arrows
Jewellery
 j - a ring of stealth (left front leg)
 n - a +2 ring of intelligence (right front leg)
Wands
 b - a wand of polymorph (10)
Scrolls
 d - a scroll of amnesia
 e - 3 scrolls of remove curse
 g - 2 scrolls of teleportation
Potions
 f - a potion of curing
 i - a potion of might
 k - 2 potions of flight
 l - a potion of lignification {unknown}
 o - a potion of cancellation {unknown}
Comestibles
 c - 9 rations


   Skills:
 - Level 3.0 Fighting
 - Level 6.0 Dodging
 - Level 5.0 Stealth
 - Level 6.1 Unarmed Combat
 - Level 2.0 Spellcasting
 - Level 4.3 Transmutations
 + Level 4.1 Invocations


You had 4 spell levels left.
You knew the following spells:

 Your Spells              Type           Power        Failure   Level  Hunger
a - Beastly Appendage     Tmut           ###...       10%         1    #......
b - Sticks to Snakes      Tmut           ###.....     12%         2    ##.....
c - Spider Form           Tmut/Pois      ##........   38%         3    ###....

Your spell library contained the following spells:

 Spells                   Type           Power        Failure   Level  Hunger
 Ice Form                 Ice/Tmut       ##......     73%         4    #####..
 Blade Hands              Tmut           ###.......   77%         5    ######.


Dungeon Overview and Level Annotations

Branches:
Dungeon (6/15)             Temple (1/1) D:4

Altars:
Ashenzari
Cheibriados
Hepliaklqana
Kikubaaqudgha
Makhleb
Nemelex Xobeh
Okawaru
Ru
Sif Muna
Trog
Uskayaw
Wu Jian
Xom
The Shining One

Annotations:
D:6 Prince Ribbit


Innate Abilities, Weirdness & Mutations

You cannot wear armour.
You are incapable of wielding weapons or throwing items.
Your paws allow you to move quietly. (Stealth)
((You have sharp claws.))
((You have razor-sharp teeth.))
You have supernaturally acute eyesight. (SInv)
You are carnivorous and can eat meat at any time.
((You cover ground quickly.))
((You are covered in thick fur. (AC +2)))
You have a slow metabolism.
((Your sharp claws are effective at attacking unaware monsters.))


Message History

The orc wizard is lightly wounded.
The orc wizard completely misses you.
You hit the orc wizard.
The orc wizard looks as sick as possible!
The orc wizard is moderately wounded.
The rat barely misses you.
The orc wizard hits you with a +0 dagger.
* * * LOW HITPOINT WARNING * * *
You hit the orc wizard.
The orc wizard looks as sick as possible!
The orc wizard is severely wounded.
The rat misses you.
You hit the rat.
You kill the rat!
Cheibriados appreciates the change of pace.
You kill the orc wizard!
Cheibriados thoroughly appreciates the change of pace.
The orc wizard points at you and mumbles some strange words.
The magic dart hits you!
You die...

#.......†.......
#.####.......##.
#.####......##
#....÷...>.####
#.#####.).....#
#.# #..)....# #.#
#.......# ##.#
#.).....# #..#
#)s.....#
###.######.......#
#...).<#.)>......#
#.#.##÷#.#####.###
#.#.##.#.#####o# #
#.............
####.#.##..#.##
#(#.# .# ..#.. ..


You could see an orc wizard.

Vanquished Creatures
  Sigmund (D:4)
  An orc warrior (D:6)
  An ice beast (D:6)
  2 centaurs
  A howler monkey (D:5)
  A bullfrog zombie (D:5)
  3 hounds
  2 orc priests
  A bullfrog skeleton (D:5)
  2 iguanas
  Ijyb (D:3)
  2 worker ants
  2 orc wizards
  6 gnolls
  10 adders
  5 river rats (D:6)
  A shadow imp (D:5)
  An ooze (D:2)
  An adder skeleton (D:5)
  3 dart slugs
  6 leopard geckos
  18 orcs
  11 giant cockroaches
  10 hobgoblins
  15 jackals
  5 quokkas
  4 ball pythons
  4 bats
  6 frilled lizards
  4 goblins
  8 kobolds
  8 rats
146 creatures vanquished.

Vanquished Creatures (collateral kills)
  An adder (D:2)
  A hobgoblin (D:2)
  3 jackals (D:2)
5 creatures vanquished.

Vanquished Creatures (others)
  A wizard (D:4)
1 creature vanquished.

Grand Total: 152 creatures vanquished

Notes
Turn   | Place    | Note
-------+----------+-------------------------------------------
     0 | D:1      | MisterFreud the Felid Transmuter began the quest for the
                  | Orb.
     0 | D:1      | Reached XP level 1. HP: 9/9 MP: 4/4
    54 | D:1      | Reached skill level 1 in Stealth
   227 | D:1      | Reached XP level 2. HP: 12/12 MP: 4/6
   267 | D:1      | Learned a level 2 spell: Sticks to Snakes
   865 | D:2      | Reached XP level 3. HP: 15/15 MP: 7/7
   986 | D:2      | Reached skill level 5 in Stealth
  1552 | D:2      | Reached XP level 4. HP: 16/19 MP: 5/8
  2438 | D:2      | Learned a level 3 spell: Spider Form
  2449 | D:3      | Noticed Ijyb
  2496 | D:3      | Killed Ijyb
  2624 | D:2      | Reached XP level 5. HP: 12/24 MP: 1/9
  3318 | D:3      | Found a deep blue altar of Sif Muna.
  4280 | D:4      | Gained mutation: You are covered in thick fur. (AC +2)
                  | [Felid growth]
  4280 | D:4      | Reached XP level 6. HP: 8/28 MP: 6/10
  4618 | D:4      | Found a bloodstained altar of Trog.
  4622 | D:4      | Noticed a wizard
  4626 | D:4      | Killed a wizard
  4731 | D:4      | Noticed Sigmund
  4744 | D:4      | Killed Sigmund
  4744 | D:4      | Reached skill level 5 in Unarmed Combat
  4857 | D:4      | Found a staircase to the Ecumenical Temple.
  4874 | Temple   | Entered the Ecumenical Temple
  5070 | Temple   | Became a worshipper of Cheibriados the Contemplative
  5265 | D:4      | Found a hide-covered altar of Uskayaw.
  5300 | D:4      | Reached XP level 7. HP: 31/31 MP: 7/11
  5531 | D:4      | Found a hazy altar of Hepliaklqana.
  5760 | D:5      | Entered Level 5 of the Dungeon
  5849 | D:5      | Reached skill level 5 in Dodging
  5883 | D:5      | Slain by an iguana
  5884 | D:5      | Reached XP level 6. HP: -3/28 MP: 5/10
  5981 | D:5      | Reached * piety under Cheibriados
  6165 | D:6      | Noticed an orc warrior
  6167 | D:6      | HP: 1/28 [orc priest/divine providence (11)]
  6432 | D:5      | Reached skill level 1 in Invocations
  6650 | D:6      | Noticed Prince Ribbit
  6682 | D:6      | Noticed an ice beast
  6684 | D:6      | Reached XP level 7. HP: 25/31 MP: 7/11
  6766 | D:6      | HP: 1/31 [rat (2)]
  6773 | D:6      | HP: 1/31 [gnoll/+0 spear (5)]
  6778 | D:6      | Slain by an ice beast
  6779 | D:6      | Reached XP level 6. HP: -4/28 MP: 9/10
  6808 | D:6      | Killed an ice beast
  6987 | D:6      | Reached ** piety under Cheibriados
  6987 | D:6      | Reached XP level 7. HP: 24/31 MP: 7/11
  7030 | D:6      | Killed from afar by an orc wizard

Vault maps used:
D:1:      matt_arrival_diagonals, kennysheep_nondescript
D:2:      wad_river_or_something, chequers_serial_rivers_micro_e,
          dk_noncrumbling_3
D:3:      first_ration, minmay_misc_feat_columns, grunt_ministairs_10,
          minmay_fountain_box, nrook_mini_vaults, lemuel_altar_in_water,
          uniq_ijyb
D:4:      kennysheep_mini_moat, marbit_many_paths,
          minmay_temple_entry_crystal_x, trog_wizard, uniq_sigmund
D:6:      portal_sewer_entry_b, uniq_prince_ribbit1, uniq_grinder
Temple:   minmay_temple_forest_path

Skill      XL: |  1  2  3  4  5  6  7 |
---------------+----------------------+-----
Stealth        | 2 4 5 |  5.0
Fighting       | 3 |  3.0
Unarmed Combat | 4 6 |  6.1
Dodging        | 6 5 |  6.0
Transmutations | 4 |  4.3
Invocations    | 2 4 |  4.1
Spellcasting   | |  2.0

Action                   |  1- 3 |  4- 6 |  7- 9 || total
-------------------------+-------+-------+-------++-------
Melee: Unarmed           |   110 |   232 |    86 ||   428
       Bite              |     6 |     9 |       ||    15
       Headbutt          |    10 |    19 |       ||    29
       Punch             |       |     4 |       ||     4
 Cast: Beastly Appendage |    20 |    21 |       ||    41
       Sticks to Snakes  |     3 |     8 |       ||    11
       Spider Form       |       |    25 |    13 ||    38
  Use: Scroll            |       |    10 |     2 ||    12
       Potion            |       |     3 |     3 ||     6
 Stab: Sleeping          |    12 |     9 |     1 ||    22
  Eat: Chunk             |     9 |    13 |     4 ||    26
Armor: Skin              |     5 |     9 |     5 ||    19
Dodge: Dodged            |    75 |   233 |   108 ||   416

Table legend:
 A = Non-vault XP
 B = Vault XP
 C = Vault XP percentage of total XP
 D = Non-vault monster count
 E = Vault monster count
 F = Vault count percentage of total count
                 A         B        C        D         E       F
            +---------+---------+-------+---------+---------+-------
      Total |    1441 |     372 |  20.5 |     125 |      26 |  17.2
            +---------+---------+-------+---------+---------+-------
        D:1 |      39 |       0 |   0.0 |      21 |       0 |   0.0
        D:2 |     106 |      46 |  30.3 |      29 |      12 |  29.3
        D:3 |      91 |      31 |  25.4 |      24 |       3 |  11.1
        D:4 |     301 |     223 |  42.6 |      19 |       1 |   5.0
        D:5 |     324 |       0 |   0.0 |      14 |       0 |   0.0
        D:6 |     580 |      72 |  11.0 |      18 |      10 |  35.7
            +---------+---------+-------+---------+---------+-------
